 Dungeon Crawl Stone Soup version 0.23.2-1-ga50397a (webtiles) character file.

Game seed: 14223269156764731585

44 troglodite the Charmwright (level 3, -4/28 HPs)
             Began as a Demonspawn Skald on May 28, 2019.
             Slain by Terence
             ... wielding a +5 mace of holy wrath
              (5 damage)
             ... on level 2 of the Dungeon.
             The game lasted 00:03:17 (1205 turns).

troglodite the Charmwright (Demonspawn Skald)       Turns: 1205, Time: 00:03:18

Health: -4/28      AC:  3    Str: 11    XL:     3   Next: 41%
Magic:  3/6        EV: 12    Int: 14    God:
Gold:   55         SH:  0    Dex: 13    Spells: 2/6 levels left

rFire    . . .     SeeInvis .   a - +0 spear
rCold    . . .     Gourm    .   (no shield)
rNeg     . . .     Faith    .   b - +0 leather armour
rPois    .         Spirit   .   (no helmet)
rElec    .         Reflect  .   (no cloak)
rCorr    .         Harm     .   (no gloves)
MR       .....                  (no boots)
Stlth    ++........             (no amulet)
HPRegen  0.09/turn              (no ring)
MPRegen  0.10/turn              (no ring)

@: infused
A: nightstalker 1
a: no special abilities


You were on level 2 of the Dungeon.
You were not hungry.

You visited 1 branch of the dungeon, and saw 2 of its levels.

You collected 55 gold pieces.

Inventory:

Hand Weapons
 a - a +0 spear (weapon)
Armour
 b - a +0 leather armour (worn)
Scrolls
 c - 3 scrolls of remove curse {unknown}
 f - a scroll of enchant armour {unknown}
 i - a scroll of teleportation {unknown}
Potions
 e - a potion of flight {unknown}
 g - a potion of berserk rage {unknown}
 h - 2 potions of haste {unknown}
Comestibles
 d - 4 rations
 j - 3 chunks of flesh


   Skills:
 * Level 2.3 Fighting
 * Level 2.1 Polearms
 * Level 1.1 Armour
 * Level 2.1 Dodging
 + Level 0.1 Stealth
 * Level 2.2 Spellcasting
 * Level 3.1 Charms


You had 2 spell levels left.
You knew the following spells:

 Your Spells              Type           Power        Failure   Level  Hunger
a - Infusion              Chrm           ##..         9%          1    #......
b - Spectral Weapon       Hex/Chrm       #.......     43%         3    ###....

Your spell library contained the following spells:

 Spells                   Type           Power        Failure   Level  Hunger
 Song of Slaying          Chrm           ##......     13%         2    ###....
 Shroud of Golubria       Chrm/Tloc      #.........   24%         2    ###....
 Regeneration             Chrm/Necr      #.........   43%         3    ###....


Dungeon Overview and Level Annotations

Branches:
Dungeon (2/15)

Altars:

Annotations:
D:2 Terence


Innate Abilities, Weirdness & Mutations

You are slightly more attuned to the shadows.


Message History

You hit Terence.
Terence is heavily wounded.
Terence hits you with a +5 mace of holy wrath.
* * * LOW HITPOINT WARNING * * *
You convulse.
* * * LOW HITPOINT WARNING * * *
You are too injured to fight recklessly!
Attack whom?
Press: ? - help, Dir - move target cursor, f - Terence
Aim: Terence, wielding a +5 mace of holy wrath and wearing a +0 ring mail (heavily wounded)
You reach to attack!
You hit Terence.
Terence is severely wounded.
Terence says, "How do you enjoy it?"
Terence hits you with a +5 mace of holy wrath.
* * * LOW HITPOINT WARNING * * *
You convulse.
* * * LOW HITPOINT WARNING * * *
Terence looks scornfully at you.
Terence hits you with a +5 mace of holy wrath.
You die...

#......##.#....
#......##...###
#......######## ########
#^.......#....' .......#
#......#.#.#### .......#
#......#.#.# ## .......#
#......#.#.# #.
.......####......#.#.###.
........@.............)รท.
.......@..########.#.###.
####.#.#..# #<#.# #.
####.....####### ###.# #.
.....#.#........ ... ..
##.......####### #.. ..
#.###.### ######
#.###.#### # #......#


You could see Terence.

Vanquished Creatures
  An adder (D:2)
  A dart slug (D:1)
  2 leopard geckos (D:1)
  3 bats (D:1)
  2 giant cockroaches (D:1)
  5 goblins
  4 hobgoblins (D:1)
  2 jackals (D:1)
  3 kobolds (D:1)
  A frilled lizard (D:2)
  4 rats
28 creatures vanquished.

Notes
Turn   | Place    | Note
-------+----------+-------------------------------------------
     0 | D:1      | troglodite the Demonspawn Skald began the quest for the
                  | Orb.
     0 | D:1      | Reached XP level 1. HP: 16/16 MP: 3/3
    87 | D:1      | Reached skill level 1 in Armour
   131 | D:1      | Gained mutation: You are slightly more attuned to the
                  | shadows. [demonic ancestry]
   131 | D:1      | Reached XP level 2. HP: 14/22 MP: 0/5
   340 | D:1      | Reached skill level 3 in Charms
   629 | D:1      | Reached XP level 3. HP: 18/27 MP: 6/6
  1005 | D:1      | Learned a level 3 spell: Spectral Weapon
  1186 | D:2      | Noticed Terence
  1200 | D:2      | HP: 1/28 [Terence/+5 mace of holy wrath (1)]
  1205 | D:2      | Slain by Terence

Skill      XL: |  1  2 |
---------------+-------+-----
Armour         | 1 |  1.1
Polearms       | 2 |  2.1
Charms         | 3 |  3.1
Dodging        | 2 |  2.1
Fighting       | |  2.3
Stealth        | |  0.1
Spellcasting   | |  2.2

Action                   || total
-------------------------++-------
Melee: Spear             ||   109
 Cast: Infusion          ||     3
 Stab: Sleeping          ||     4
  Eat: Chunk             ||     1
Armor: Leather armour    ||    21
Dodge: Dodged            ||    39
